Map: Ice and Chrome LE

Players

Serral

  • Race: Zerg Zerg
  • League: Master
  • Spawn Location: 7:00

ShoWTimE - Winner!

  • Race: Protoss Protoss
  • Spawn Location: 1:00

Event: DreamHack SC2 Masters 2020 Summer Europe

VOD

Have the link to the VOD?

Description

Time

  • Played on: July 7, 2020, 3:09 p.m.
  • Length: 8:00

All games in this series

Show
View Real Time Build Order
Export as new Build Order

Serral Zerg 

Build Orders: Hatch First 

Get SALT Encoding   

  12  0:00  Drone  
  13  0:13  Overlord  
  13  0:18  Drone  
  14  0:31  Drone  
  14  0:32  Drone  
  14  0:35  Drone  
  17  0:58  Drone  
  17  0:59  Hatchery  
  17  1:00  Drone  
  18  1:12  Extractor  
  18  1:16  Spawning Pool  
  18  1:18  Drone  
  17  1:22  Drone  
  18  1:29  Drone  
  19  1:39  Drone  
  20  1:54  Overlord  
  20  2:02  Hatchery  
  20  2:03  Queen  
  20  2:07  Zergling x2  
  22  2:11  Zergling x2  
  22  2:13  Zergling x2  
  24  2:21  Metabolic Boost  
  24  2:27  Zergling x2  
  24  2:47  Zergling x4  
  24  2:48  Queen  
  28  2:57  Overlord  
  30  3:10  Hatchery  
  30  3:12  Zergling x4  
  29  3:15  Drone  
  29  3:18  Drone  
  31  3:24  Zergling x4  
  33  3:27  Drone  
  33  3:28  Drone  
  35  3:37  Queen  
  37  3:44  Spore Crawler  
  37  3:45  Drone  
  37  3:55  Spore Crawler  
  34  3:59  Drone x2  
  33  4:03  Drone  
  33  4:04  Drone  
  33  4:09  Drone  
  35  4:12  Drone  
  35  4:13  Drone  
  35  4:23  Drone x2  
  36  4:28  Drone  
  35  4:33  Drone  
  35  4:36  Drone  
  37  4:41  Drone x2  
  39  4:47  Spore Crawler  
  39  4:50  Drone x2  
  40  4:55  Overlord  
  40  4:56  Drone  
  41  5:00  Overlord  
  41  5:13  Queen x2  
  45  5:16  Drone  
  45  5:17  Drone x2  
  45  5:20  Drone  
  49  5:23  Drone  
  49  5:24  Drone  
  51  5:28  Drone  
  51  5:29  Drone  
  51  5:31  Drone  
  51  5:34  Drone  
  54  5:37  Drone x2  
  54  5:40  Drone  
  55  5:48  Drone  
  55  5:49  Overlord  
  56  5:50  Roach Warren  
  56  5:54  Overlord  
  54  5:59  Overlord  
  54  6:02  Zergling x6  
  57  6:08  Zergling x6  
  57  6:11  Spine Crawler  
  59  6:15  Zergling x12  
  65  6:22  Zergling x2  
  66  6:26  Spine Crawler  
  66  6:30  Roach x4  
  73  6:36  Roach x3  
  79  6:41  Roach x2  
  81  6:47  Extractor  
  77  6:55  Roach x2  
  78  7:08  Zergling x12  
  69  7:15  Roach  
  69  7:16  Roach  
  69  7:20  Zergling x6  
  63  7:31  Roach  
  63  7:32  Roach x2  
  73  7:42  Zergling x6  
Show
View Real Time Build Order
Export as new Build Order

ShoWTimE Protoss - Winner!

Build Orders: Oracle Opening 

Get SALT Encoding   

  12  0:00  Probe  
  13  0:12  Probe  
  14  0:17  Pylon  
  14  0:24  Probe  
  15  0:32  Probe  
  15  0:38  Gateway  
  15  0:40  Probe  
  16  0:46  Assimilator  
  17  0:51  Probe  
  18  1:03  Probe  
  19  1:11  Gateway  
  19  1:15  Probe  
  20  1:27  Cybernetics Core  
  20  1:29  Zealot  
  22  1:34  Pylon  
  22  1:36  Probe  
  23  1:47  Assimilator  
  23  1:52  Probe  
  24  1:56  Adept  
  24  1:57  Adept  
  24  2:04  Probe  
  29  2:11  Pylon  
  29  2:16  Probe  
  30  2:25  Pylon  
  30  2:27  Adept  
  32  2:34  Adept  
  34  2:43  Stargate  
  34  2:54  Warp Gate  
  34  3:03  Probe  
  35  3:12  Pylon  
  35  3:16  Oracle  
  38  3:33  Probe  
  39  3:38  Nexus  
  39  3:45  Probe  
  40  3:55  Oracle  
  43  3:57  Probe  
  41  4:10  Probe  
  41  4:22  Probe  
  38  4:34  Robotics Facility, Probe  
  39  4:42  Gateway, Stalker  
  39  4:43  Sentry  
  39  4:44  Gateway  
  43  4:46  Probe  
  43  4:47  Probe  
  45  4:55  Probe  
  45  4:58  Probe  
  47  5:03  Gateway  
  47  5:05  Probe  
  47  5:06  Gateway  
  47  5:10  Probe  
  47  5:11  Sentry x2  
  47  5:14  Gateway  
  53  5:19  Warp Prism  
  53  5:20  Gateway  
  53  5:33  Probe x2  
  54  5:44  Sentry  
  54  5:45  Zealot x3  
  54  5:48  Pylon  
  62  6:03  Pylon  
  62  6:06  Adept, Observer  
  62  6:07  Pylon  
  65  6:16  Zealot x2  
  69  6:21  Stalker x4  
  77  6:27  Pylon  
  77  6:36  Zealot x2  
  77  6:38  Zealot x2  
  85  6:46  Sentry, Zealot x2  
  89  6:54  Stalker  
  87  7:03  Zealot x3  
  87  7:08  Zealot  
  89  7:09  Stalker  
  89  7:10  Stalker  
  81  7:28  Stalker x2  
  83  7:32  Zealot x4  
  89  7:38  Zealot x2  
  91  7:55  Zealot x2  
Tags
 
Add a new tag
Caveats
  • Supply blocks, unpowered buildings, or Contaminate may cause inaccurate times.
  • Supply counts are checked every 10 seconds.